 Dungeon Crawl Stone Soup version 0.21.1-1-g345015fe64 (webtiles) character file.

1170 Ashiichan the Thaumaturge (level 8, 0/52 HPs)
             Began as a Mummy Necromancer on June 2, 2018.
             Slain by a wyvern skeleton (14 damage)
             ... on level 6 of the Dungeon.
             The game lasted 00:39:14 (6643 turns).

Ashiichan the Thaumaturge (Mummy Necromancer)       Turns: 6643, Time: 00:39:14

Health: 0/52       AC:  3    Str: 12    XL:     8   Next: 17%
Magic:  20/20      EV: 12    Int: 16    God:
Gold:   142        SH:  6    Dex: 12    Spells: 19/24 levels left

rFire    x . .     SeeInvis +   p - +0 dagger
rCold    + . .     Gourm    .   (no shield)
rNeg     + + +     Faith    .   a - +1 robe
rPois    ∞         Spirit   .   (no helmet)
rElec    .         Reflect  +   (no cloak)
rCorr    .         Harm     .   (no gloves)
MR       +....                  (no boots)
Stlth    ++........             e - +6 amulet of reflection
HPRegen  0.17/turn              k - ring of see invisible
MPRegen  0.17/turn              (no ring)

@: no status effects
A: no food or potions, fire vulnerability, cold resistance 1, negative energy
resistance 3, torment resistance, unbreathing
a: no special abilities


You were on level 6 of the Dungeon.
You were not hungry.

You visited 1 branch of the dungeon, and saw 8 of its levels.

You collected 142 gold pieces.

Inventory:

Hand Weapons
 p - a +0 dagger (weapon)
 v - a +0 falchion
Armour
 a - a +1 robe (worn)
 c - a +0 pair of gloves
 i - a +0 scale mail
 o - a +0 robe
 r - a +0 robe
 s - a +0 robe
 t - a +0 leather armour
 u - a +0 scale mail
 w - a +0 robe
Jewellery
 e - a +6 amulet of reflection (around neck)
 k - a ring of see invisible (left hand)
Scrolls
 f - 3 scrolls of amnesia
 g - 4 scrolls of remove curse
 h - a scroll of immolation
 j - a scroll of magic mapping {unknown}
 l - a scroll of enchant armour
 m - a scroll of fog {unknown}
 n - a scroll of enchant weapon {unknown}
 q - a scroll of identify
Books
 b - a book of Necromancy

   Spells                             Type                      Level
   a - Pain                           Necromancy                   1
   b - Animate Skeleton               Necromancy                   1
   c - Vampiric Draining              Necromancy                   3
   d - Regeneration                   Charms/Necromancy            3
   e - Animate Dead                   Necromancy                   4
   f - Borgnjor's Vile Clutch         Necromancy/Earth             5
Comestibles
 d - 12 rations


   Skills:
 - Level 1.5 Dodging
 - Level 1.5 Stealth
 + Level 8.7 Spellcasting
 + Level 8.0 Necromancy


You had 19 spell levels left.
You knew the following spells:

 Your Spells              Type           Power        Failure   Level  Hunger
a - Pain                  Necr           ####         1%          1    N/A
b - Animate Skeleton      Necr           N/A          1%          1    N/A
c - Vampiric Draining     Necr           ####......   1%          3    N/A

Dungeon Overview and Level Annotations

Branches:
Dungeon (8/15)
 Temple: D:4-7         Lair: D:8-11

Altars:
Okawaru
Ru

Shops:
D:6 *

Annotations:
D:8 overlord24's ghost, novice TeSu


Innate Abilities, Weirdness & Mutations

You do not eat or drink.
Your flesh is vulnerable to fire.
You are immune to poison.
Your flesh is cold resistant. (rC+)
You are immune to negative energy. (rN+++)
You are immune to unholy pain and torment.
You can survive without breathing.


Message History

The wyvern skeleton bites you! You block the wyvern skeleton's attack.
You hit the wyvern skeleton but do no damage.
The wyvern skeleton is severely damaged.
The wyvern skeleton barely misses you.
You hit the wyvern skeleton.
The wyvern skeleton is almost destroyed.
The wyvern skeleton bites you!
* * * LOW HITPOINT WARNING * * *
You hit the wyvern skeleton.
The wyvern skeleton is almost destroyed.
The wyvern skeleton closely misses you.
The crimson imp laughs crazily.
You block the wyvern skeleton's attack.
You hit the wyvern skeleton but do no damage.
The wyvern skeleton is almost destroyed.
The wyvern skeleton barely misses you.
You hit the wyvern skeleton.
The wyvern skeleton is almost destroyed.
The wyvern skeleton bites you!
You die...

...Z.##.##.## #........###.#
.######.##.# ####.........####
o######.##.# #####.###.....
........##'## #.# #.####
.########...## #.# #.# .#
##.....## ### #.# #.# ## .##
##.......## ##.###.# #.###.
[.####.........####...##.###.##.#
.....'.......5oZ@................
..####.........####...##.####.#.!
.## ##.......## ##.###.# ##.#. ##
##.....## ### #.# ##.. ## ##...##
#.# ##. .# ##'## ####.# #. .#
#.######## #....# #. .#
#........# #.#### #.
[#########..####..# #.#


You could see a crimson imp, an orc and a wyvern skeleton.

Vanquished Creatures
  2 ogres
  A centaur (D:7)
  3 bullfrogs
  A scorpion (D:4)
  2 hounds
  A jelly (D:5)
  A gnoll shaman (D:5)
  4 orc priests
  An iguana (D:6)
  4 orc wizards
  2 worker ants
  5 gnolls (D:5)
  2 adders
  A shadow imp (D:6)
  5 dart slugs
  5 leopard geckos
  13 orcs
  2 ball pythons
  9 giant cockroaches
  5 goblins
  6 hobgoblins
  7 jackals
  3 quokkas
  7 bats
  8 frilled lizards
  5 kobolds
  5 rats
110 creatures vanquished.

Vanquished Creatures (collateral kills)
  A hound zombie (D:5)
  A jackal (D:5)
  2 quokka skeletons (D:4)
4 creatures vanquished.

Vanquished Creatures (others)
  A centaur (D:6)
1 creature vanquished.

Grand Total: 115 creatures vanquished

Notes
Turn   | Place    | Note
-------+----------+-------------------------------------------
     0 | D:1      | Ashiichan the Mummy Necromancer began the quest for the Orb.
     0 | D:1      | Reached XP level 1. HP: 13/13 MP: 4/4
   236 | D:1      | Reached XP level 2. HP: 19/19 MP: 3/6
   899 | D:2      | Reached XP level 3. HP: 18/24 MP: 0/8
  1001 | D:2      | Learned a level 1 spell: Animate Skeleton
  1146 | D:2      | Found an iron altar of Okawaru.
  1844 | D:3      | Reached XP level 4. HP: 27/30 MP: 6/10
  2089 | D:3      | Reached skill level 5 in Necromancy
  2421 | D:4      | Learned a level 3 spell: Vampiric Draining
  2808 | D:3      | Reached XP level 5. HP: 35/35 MP: 10/12
  3065 | D:4      | Reached skill level 5 in Spellcasting
  3305 | D:4      | Noticed an ogre
  3315 | D:4      | Killed an ogre
  3315 | D:4      | Reached XP level 6. HP: 41/41 MP: 9/14
  3409 | D:4      | You fall through a shaft for 2 floors!
  3597 | D:5      | Entered Level 5 of the Dungeon
  3702 | D:5      | You fall through a shaft for 3 floors!
  3702 | D:8      | Noticed a hungry ghost
  3711 | D:8      | Noticed overlord24's ghost (novice TeSu)
  3714 | D:8      | Noticed an ice beast
  3718 | D:8      | Noticed an ice beast
  3722 | D:7      | Reached XP level 7. HP: 39/46 MP: 12/17
  5736 | D:5      | Found a sacrificial altar of Ru.
  5926 | D:6      | Found Tixavito's Assorted Antiques.
  5937 | D:6      | Reached XP level 8. HP: 39/52 MP: 17/20
  6643 | D:6      | Slain by a wyvern skeleton

Skill      XL: |  1  2  3  4  5  6  7  8 |
---------------+-------------------------+-----
Spellcasting   | 3 4 5 6 8 |  8.7
Necromancy     | 5 6 7 8 |  8.0
Dodging        | |  1.5
Stealth        | |  1.5

Action                   |  1- 3 |  4- 6 |  7- 9 || total
-------------------------+-------+-------+-------++-------
Melee: Unarmed           |     3 |     2 |       ||     5
       Dagger            |       |       |    48 ||    48
 Cast: Pain              |   100 |    68 |   109 ||   277
       Animate Skeleton  |     6 |     9 |    11 ||    26
  Use: Scroll            |       |     3 |     6 ||     9
Armor: Robe              |    11 |     5 |    12 ||    28
Dodge: Dodged            |    47 |    26 |    63 ||   136
Block: Other             |       |     7 |    32 ||    39
       Reflection        |       |       |     3 ||     3
